 Dungeon Crawl Stone Soup version 0.30-a0-738-g116ff8c4af (webtiles) character file.

Game seed: 15912470545119031287

6654 Newt the Thrower (level 10, -1/76 HPs)
             Began as a Demonspawn Gladiator on Feb 4, 2023.
             Was an Elder of Okawaru.
             Shot with an arrow by a centaur warrior (13 damage)
             ... on level 8 of the Dungeon.
             The game lasted 00:13:45 (10129 turns).

Newt the Thrower (Demonspawn Gladiator)            Turns: 10129, Time: 00:13:46

Health: -1/76      AC: 14    Str: 17    XL:     10   Next: 73%
Magic:  17/17      EV: 10    Int: 12    God:    Okawaru [****..]
Gold:   444        SH:  5    Dex: 20    Spells: 16/19 levels left

rFire   + + .      SeeInvis .    e - +1 short sword (flame)
rCold   x . .      Faith    .    (no shield)
rNeg    . . .      Spirit   .    A - +1 fire dragon scales
rPois   +          Reflect  +    c - +0 helmet
rElec   .          Harm     .    (no cloak)
rCorr   .          Rampage  .    (no gloves)
Will    .....                    (no boots)
Stlth   +                        I - amulet of reflection
HPRegen 0.32/turn                n - +6 ring of dexterity
MPRegen 0.15/turn                H - ring of poison resistance

@: no status effects
A: thin metallic scales 1, powered by pain 1, demonic magic 1, demonic touch 2
a: Renounce Religion, Heroism, Finesse


You were on level 8 of the Dungeon.
You worshipped Okawaru.
Okawaru was greatly pleased with you.
You visited 2 branches of the dungeon, and saw 9 of its levels.
You also visited: Sewer.

You collected 444 gold pieces.

Inventory:

Hand Weapons
 a - a +0 rapier
 e - a +1 short sword of flaming (weapon)
 y - a +1 dagger of flaming
Missiles
 h - 6 boomerangs (quivered)
 i - 130 stones
 q - 31 poisoned darts
 u - 3 curare-tipped darts
 v - 6 javelins
 F - a boomerang of dispersal
 R - 2 throwing nets
 T - a silver boomerang
Armour
 b - a +0 leather armour
 c - a +0 helmet (worn)
 r - a +0 buckler
 A - +1 fire dragon scales (worn)
 B - an orb of guile
 N - a +1 robe of the Archmagi
 S - a +2 leather armour of poison resistance
 U - the +0 robe of the Minstrel {Rampage Str+3}
   (You found it on level 8 of the Dungeon)

   Str:       It affects your strength (+3).
   Rampage:   It bestows one free step when moving towards enemies.
Jewellery
 n - a +6 ring of dexterity (left hand)
 H - a ring of poison resistance (right hand)
 I - an amulet of reflection (around neck)
 L - an amulet of the acrobat
 O - an amulet of magic regeneration
Wands
 d - a wand of light (8)
 s - a wand of roots (6)
 w - a wand of digging (2)
 K - a wand of flame (11)
Scrolls
 l - 3 scrolls of amnesia
 m - 2 scrolls of teleportation
 t - a scroll of fear
 P - a scroll of immolation
 V - a scroll of poison
 X - a scroll of magic mapping
Potions
 f - 2 potions of might
 g - 5 potions of curing
 j - 4 potions of heal wounds
 k - a potion of ambrosia
 o - a potion of resistance
 p - a potion of berserk rage
 x - a potion of brilliance
 z - 2 potions of lignification
 C - a potion of haste
 D - 2 potions of invisibility
 E - 3 potions of magic
 G - 2 potions of mutation
 J - a potion of flight
 M - a potion of cancellation
 Q - a potion of attraction {unknown}


   Skills:
 - Level 6.0 Fighting
 - Level 4.0 Short Blades
 - Level 8.0 Throwing
 - Level 6.0 Armour
 - Level 2.6 Dodging
 - Level 2.0 Stealth
 + Level 5.3 Spellcasting
 + Level 5.8 Hexes
 + Level 5.3 Fire Magic


You had 16 spell levels left.
You knew the following spells:

 Your Spells              Type           Power      Damage    Failure   Level
a - Inner Flame           Hex/Fire       16%        N/A       22%         3

Your spell library contained the following spells:

 Spells                   Type           Power      Damage    Failure   Level
 Apportation              Tloc           6%         N/A       58%         1
 Magic Dart               Conj           12%        1d3       58%         1
 Searing Ray              Conj           6%         2d4       75%         2
 Fulminant Prism          Conj/Hex       5%         3d7       92%         4
 Leda's Liquefaction      Hex/Erth       5%         N/A       92%         4
 Flame Wave               Conj/Fire      9%         2d6       94%         4
 Sticky Flame             Conj/Fire      9%         2d3       94%         4
 Alistair's Intoxication  Tmut/Pois      2%         N/A       100%        5
 Lee's Rapid Deconstruct  Erth           1%         3d4*      100%        5
 Statue Form              Tmut/Erth      2%         N/A       100%        6
 Orb of Destruction       Conj           1%         9d5       100%        7
 Summon Guardian Golem    Hex/Summ       Unusable   N/A       N/A         3
 Spellforged Servitor     Conj/Summ      Unusable   N/A       N/A         7

Dungeon Overview and Level Annotations

Branches:
Dungeon (8/15)             Temple (1/1) D:5           Sewer (visited)
   Lair: D:8-11

Altars:
Ashenzari
Cheibriados
Dithmenos
Fedhas
Gozag
Hepliaklqana
Kikubaaqudgha
Makhleb
Nemelex Xobeh
Okawaru
Qazlal
Ru
Sif Muna
Trog
Uskayaw
Vehumet
Wu Jian
Xom
Yredelemnul


Innate Abilities, Weirdness & Mutations

You are partially covered in thin metallic scales. (AC +2)
You sometimes gain a little power by taking damage.
Spells you cast may paralyse adjacent enemies.
Your touch may inflict irresistible damage on your foes.


Message History

You hit the centaur warrior but do no damage.
You touch the centaur warrior.
Okawaru is honoured by your kill.
The centaur warrior explodes!
The fiery explosion engulfs you. You resist.
* * * LOW HITPOINT WARNING * * *
You are engulfed in blazing flames.
You resist.
* * * LOW HITPOINT WARNING * * *
Your Spellcasting skill increases to level 5!
Your Fire Magic skill increases to level 5!
You start resting.
Magic restored.
You start resting.
A centaur warrior is nearby!
A centaur warrior is nearby!
Casting: Inner Flame (dangerous; 22% risk of failure)
Confirm with . or Enter, or press ? or * to list all spells.
Aiming: Inner Flame (dangerous; 22% risk of failure)
Press: ? - help, Dir - move target, f - centaur warrior
Aim: a centaur warrior (wandering, hasn't noticed you, chance to affect: 53%)
The centaur warrior shouts!
The centaur warrior is filled with an inner flame.
Malevolent energies surge around you.
The centaur warrior wields a +0 shortbow.
The centaur warrior shoots an arrow.
The arrow hits you!
You focus on the pain.
You feel your power returning.
Throw: 6 boomerangs
Press: ? - help, Q - select action, (/) - cycle Shift-Dir - straight line, f/p - centaur warrior
Aim: a centaur warrior, wielding a +0 shortbow (inner flame, 75% to hit)
You throw a boomerang. The boomerang hits the centaur warrior.
Flame seeps out of the centaur warrior.
The centaur warrior is lightly wounded.
The centaur warrior is engulfed in blazing flames.
Flame seeps out of the centaur warrior.
The centaur warrior shoots an arrow.
The arrow hits you!
* * * LOW HITPOINT WARNING * * *
The centaur warrior is engulfed in blazing flames.
Flame seeps out of the centaur warrior.
The centaur warrior shoots an arrow.
The arrow hits you!
You die...

.##...##.#.##....###.#.........#.
.................................
#.......##...#...#####..##.###.#.
##......##...#...# #.......# #.#.
......###....#...###[......# #.#.
..............)............# #.#.
...........................# #.#.
......###...##...####...#..# #.#'
............#.).@# #...#..# #...
......###..##c#### ####...# #...
###....##..#... #...###...
#......>.#...+ #....).).#
###........#...# #....##)##
...........##'## #.........
###.#.####.#.c #.........
###.#.)....#.. #.........
...........# #.........


You could see a centaur warrior (inner flame).

Vanquished Creatures
  A centaur warrior (D:8)
  A two-headed ogre (D:8)
  Pikel (D:7)
  Prince Ribbit (D:8)
  Grinder (D:4)
  A wyvern (D:7)
  A water moccasin (D:5)
  Duvessa (D:7)
  4 orc warriors
  A sky beast (D:7)
  An ogre (D:4)
  3 black bears
  8 centaurs
  A lemure (D:7)
  5 kobold brigands
  9 scorpions
  3 gnoll sergeants (D:8)
  5 wights
  Dowan (D:7)
  7 hounds
  3 jellies
  4 orc priests
  3 gnoll boudas
  2 iguanas
  11 orc wizards
  22 gnolls
  18 adders
  2 river rats (Sewer)
  4 shadow imps (D:6)
  A white imp (D:5)
  An ufetubus (D:5)
  6 worms
  4 dart slugs
  22 orcs
  14 ball pythons
  11 endoplasms
  5 giant cockroaches
  9 goblins
  12 hobgoblins
  4 jackals
  3 quokkas
  11 bats
  3 frilled lizards
  15 kobolds
  7 rats
253 creatures vanquished.

Vanquished Creatures (others)
  22 fungi
  25 plants (D:8)
47 creatures vanquished.

Grand Total: 300 creatures vanquished

Notes
Turn   | Place    | Note
-------+----------+-------------------------------------------
     0 | D:1      | Newt the Demonspawn Gladiator began the quest for the Orb.
     0 | D:1      | Reached XP level 1. HP: 16/16 MP: 1/1
   128 | D:1      | Reached skill level 1 in Stealth
   161 | D:1      | Gained mutation: Your touch may inflict minor irresistible
                  | damage on your foes. [demonic ancestry]
   161 | D:1      | Reached XP level 2. HP: 6/22 MP: 2/2
   235 | D:1      | You fall into a shaft and drop 1 floor!
   820 | D:2      | Gained mutation: You are partially covered in thin metallic
                  | scales. (AC +2) [demonic ancestry]
   820 | D:2      | Reached XP level 3. HP: 28/28 MP: 3/3
  1053 | D:2      | Reached XP level 4. HP: 31/37 MP: 4/4
  1479 | D:3      | Found an ancient bone altar of Kikubaaqudgha.
  1479 | D:3      | Found an ornate altar of the Wu Jian Council.
  1516 | D:3      | Found a glowing drain.
  1525 | Sewer    | Entered a sewer
  1716 | Sewer    | Noticed a kobold brigand
  1719 | Sewer    | Reached XP level 5. HP: 42/42 MP: 5/5
  1738 | Sewer    | Reached skill level 2 in Throwing
  2277 | Sewer    | Reached skill level 3 in Throwing
  2310 | Sewer    | Gained mutation: Your touch may inflict irresistible damage
                  | on your foes. [demonic ancestry]
  2310 | Sewer    | Reached XP level 6. HP: 22/48 MP: 6/6
  2318 | Sewer    | Reached skill level 4 in Throwing
  2744 | D:4      | Reached skill level 5 in Fighting
  2874 | D:4      | Reached XP level 7. HP: 53/56 MP: 7/7
  3587 | D:4      | Reached skill level 5 in Throwing
  3786 | D:4      | Noticed Grinder
  4271 | D:4      | Gained mutation: Spells you cast may paralyse adjacent
                  | enemies. [demonic ancestry]
  4271 | D:4      | Reached XP level 8. HP: 64/64 MP: 8/8
  4282 | D:4      | Paralysed by Grinder for 5 turns
  4296 | D:4      | Killed Grinder
  4297 | D:4      | Reached skill level 6 in Throwing
  4691 | D:5      | Entered Level 5 of the Dungeon
  4911 | D:5      | Found a staircase to the Ecumenical Temple.
  4919 | D:5      | Reached skill level 7 in Throwing
  4929 | Temple   | Entered the Ecumenical Temple
  5103 | Temple   | Became a worshipper of Warmaster Okawaru
  5584 | D:5      | Found a radiant altar of Vehumet.
  5637 | D:5      | Reached skill level 8 in Throwing
  5981 | D:6      | Reached skill level 1 in Armour
  6182 | D:6      | Learned a level 3 spell: Inner Flame
  6488 | D:6      | Reached * piety under Okawaru
  6559 | D:6      | Reached XP level 9. HP: 69/69 MP: 9/9
  6823 | D:6      | Found a snail-covered altar of Cheibriados.
  7046 | D:6      | Reached skill level 5 in Armour
  7308 | D:7      | Noticed Pikel
  7327 | D:7      | Killed Pikel
  7327 | D:7      | Reached ** piety under Okawaru
  7328 | D:7      | Reached skill level 1 in Spellcasting
  7328 | D:7      | Reached skill level 1 in Hexes
  7328 | D:7      | Reached skill level 1 in Fire Magic
  7560 | D:7      | Reached *** piety under Okawaru
  7624 | D:7      | Noticed Duvessa
  7624 | D:7      | Noticed Dowan
  7634 | D:7      | Killed Duvessa
  7642 | D:7      | Killed Dowan
  7838 | D:7      | Found a sparkling altar of Nemelex Xobeh.
  8398 | D:8      | Gained mutation: You sometimes gain a little power by
                  | taking damage. [demonic ancestry]
  8398 | D:8      | Reached XP level 10. HP: 68/76 MP: 14/14
  8535 | D:8      | Received a gift from Okawaru
  8605 | D:8      | Identified the +0 robe of the Minstrel {Rampage Str+3}
  9310 | D:8      | Noticed Prince Ribbit
  9333 | D:8      | Killed Prince Ribbit
  9355 | D:8      | Received a gift from Okawaru
 10053 | D:8      | Noticed a two-headed ogre
 10058 | D:8      | Killed a two-headed ogre
 10058 | D:8      | Reached **** piety under Okawaru
 10059 | D:8      | Reached skill level 5 in Hexes
 10060 | D:8      | Noticed a centaur warrior
 10061 | D:8      | Noticed a centaur warrior
 10068 | D:8      | Killed a centaur warrior
 10069 | D:8      | Reached skill level 5 in Spellcasting
 10069 | D:8      | Reached skill level 5 in Fire Magic
 10129 | D:8      | Shot with an arrow by a centaur warrior

Illustrated notes

Levels and vault maps discovered:
D:1:      onia_arrival_mini_spirals, layout_basic
D:2:      layout_rooms
D:3:      layout_basic, mainiacjoe_overflow_catch_the_wave,
          cheibrodos_sewer_entry_sluice
D:4:      layout_gridville, guppyfry_early_orc_mine, uniq_grinder
D:5:      layout_layer_cave, vehumet_crystals, minmay_temple_entry_trees
D:6:      layout_loops_cross, mainiacjoe_overflow_alcove_2
D:7:      old_forge, layout_basic, lemuel_round_altar, nrook_mini_vaults,
          uniq_pikel, uniq_duvessa
D:8:      kennysheep_housing_project, layout_basic, minivault_21,
          minmay_evil_grid, uniq_maggie, uniq_prince_ribbit1
Temple:   nicolae_temple_bog_church

Skill      XL: |  1  2  3  4  5  6  7  8  9 10 |
---------------+-------------------------------+-----
Stealth        | 1 2 |  2.0
Fighting       | 3 4 5 6 |  6.0
Short Blades   | 3 4 |  4.0
Throwing       | 3 4 5 8 |  8.0
Armour         | 3 6 |  6.0
Spellcasting   | 3 5 |  5.3
Hexes          | 3 5 |  5.8
Fire Magic     | 3 5 |  5.3
Dodging        | |  2.6

Action                     |  1- 3 |  4- 6 |  7- 9 | 10-12 || total
---------------------------+-------+-------+-------+-------++-------
  Melee: Rapier            |    88 |   173 |       |       ||   261
         Punch             |     2 |     1 |     1 |       ||     4
         Touch             |    14 |    33 |    92 |    32 ||   171
         Short sword       |       |    19 |   395 |   135 ||   549
  Throw: Javelin           |       |     3 |     2 |       ||     5
         Dart              |       |     2 |     6 |       ||     8
         Throwing net      |       |     1 |     2 |       ||     3
         Boomerang         |       |       |    31 |    46 ||    77
   Cast: Inner Flame       |       |       |       |     7 ||     7
  Evoke: Wand              |       |       |     1 |       ||     1
    Use: Scroll            |     6 |     1 |    10 |     6 ||    23
         Potion            |     1 |       |     3 |     1 ||     5
   Stab: Sleeping          |       |     3 |       |       ||     3
         Paralysed         |       |       |       |     3 ||     3
 Armour: Leather armour    |    22 |    59 |    28 |       ||   109
         Fire dragon scale |       |       |   179 |    64 ||   243
  Dodge: Dodged            |    60 |   119 |   200 |    61 ||   440
  Block: Other             |       |       |    43 |    31 ||    74
         Reflection        |       |       |     1 |     5 ||     6

Table legend: (Time is in decaauts)
 A = Elapsed time spent in this place.
 B = Non-inter-level travel time spent in this place.
 C = Inter-level travel time spent in this place.
 D = Time resting spent in this place.
 E = Time spent auto-exploring this place.
 F = Levels seen in this place.
 G = Mean time per level.
                   A        B        C        D        E       F      G
               +--------+--------+--------+--------+--------+-----+--------+
         Total |  10195 |   9657 |    538 |   1625 |   6194 |  10 | 1019.5 |
       Dungeon |   8932 |   8433 |    499 |   1625 |   5263 |   8 | 1116.5 |
        Temple |    195 |    156 |     39 |      0 |    142 |   1 |  195.0 |
         Sewer |   1067 |   1067 |      0 |      0 |    789 |   1 | 1067.0 |
               +--------+--------+--------+--------+--------+-----+--------+

Top non-repeatable levels by time:
     D:8: 1608 daAuts
     D:4: 1560 daAuts
     D:7: 1363 daAuts
     D:6: 1104 daAuts
     D:5: 1081 daAuts
   Sewer: 1067 daAuts
     D:3: 822 daAuts
     D:1: 705 daAuts
     D:2: 686 daAuts
  Temple: 195 daAuts
